Map: Lightshade LE

Players

ShoWTimE

  • Race: Protoss Protoss
  • Spawn Location: 5:00

TYTY (TY) - Winner!

  • Race: Terran Terran
  • Spawn Location: 11:00

Event: TSL 6

VOD

Have the link to the VOD?

Description

Time

  • Played on: Dec. 12, 2020, 10:36 a.m.
  • Length: 8:32

All games in this series

Show
View Real Time Build Order
Export as new Build Order

ShoWTimE Protoss 

Build Orders: 1 Gate Expand, Phoenix Opening, Blink Stalkers 

Get SALT Encoding   

  12  0:00  Probe  
  13  0:12  Probe  
  14  0:17  Pylon  
  14  0:24  Probe (Chrono Boost)  
  15  0:36  Probe (Chrono Boost)  
  15  0:37  Gateway  
  16  0:44  Probe (Chrono Boost)  
  16  0:46  Assimilator  
  17  0:51  Probe  
  18  1:03  Probe  
  19  1:15  Probe  
  20  1:24  Cybernetics Core  
  20  1:36  Probe, Nexus  
  21  1:44  Pylon  
  21  1:49  Probe  
  21  1:52  Assimilator  
  22  1:59  Adept (Chrono Boost)  
  22  2:01  Probe  
  25  2:09  Shield Battery  
  25  2:13  Probe (Chrono Boost)  
  25  2:14  Warp Gate  
  26  2:24  Sentry  
  26  2:25  Probe (Chrono Boost)  
  26  2:29  Probe (Chrono Boost)  
  29  2:41  Probe (Chrono Boost)  
  29  2:42  Twilight Council  
  30  2:48  Probe (Chrono Boost)  
  31  2:54  Stalker  
  31  2:57  Probe x2 (Chrono Boost)  
  35  3:00  Phoenix  
  35  3:02  Probe (Chrono Boost)  
  35  3:04  Probe  
  37  3:07  Gateway  
  37  3:14  Probe, Blink (Chrono Boost)  
  37  3:16  Probe  
  39  3:23  Pylon  
  39  3:27  Probe  
  39  3:29  Probe  
  39  3:32  Assimilator  
  41  3:39  Probe  
  43  3:41  Probe  
  43  3:43  Robotics Facility  
  42  3:52  Probe  
  42  3:53  Probe  
  44  4:04  Probe  
  44  4:05  Probe, Nexus  
  46  4:11  Pylon  
  46  4:16  Probe  
  47  4:17  Probe  
  47  4:18  Stalker  
  47  4:20  Stalker  
  52  4:27  Pylon  
  52  4:28  Probe  
  52  4:31  Observer  
  54  4:32  Pylon  
  54  4:34  Probe  
  55  4:40  Probe  
  55  4:43  Gateway  
  55  4:45  Gateway  
  56  4:47  Probe  
  56  4:49  Phoenix  
  56  4:52  Probe, Observer  
  59  4:53  Stalker  
  59  4:56  Stalker  
  64  5:00  Probe  
  64  5:02  Forge  
  64  5:04  Charge (Chrono Boost), Probe  
  65  5:13  Probe  
  66  5:16  Probe  
  66  5:18  Probe, Immortal (Chrono Boost)  
  66  5:20  Protoss Ground Armor Level 1 (Chrono Boost)  
  72  5:28  Sentry, Gateway  
  74  5:38  Gateway  
  74  5:44  Sentry, Gateway x2  
  74  5:45  Probe  
  74  5:46  Probe  
  74  5:47  Probe  
  79  5:51  Shield Battery  
  79  5:56  Immortal (Chrono Boost)  
  83  6:09  Zealot x4  
  89  6:11  Pylon  
  89  6:13  Pylon  
  89  6:17  Shield Battery  
  89  6:23  Zealot  
  91  6:27  Observer  
  91  6:30  Zealot x4, Observer (Chrono Boost)  
  100  6:34  Zealot  
  100  6:37  Probe x2  
  100  6:38  Pylon, Probe  
  103  6:44  Stalker x3  
  109  6:49  Pylon  
  109  6:55  Pylon  
  109  6:58  Zealot x4  
  109  6:59  Observer  
  117  7:12  Zealot x4  
  117  7:15  Pylon  
  125  7:23  Probe x3  
  125  7:25  Pylon  
  128  7:30  Templar Archives  
  128  7:32  Zealot x2  
  128  7:35  Pylon  
  132  7:37  Immortal (Chrono Boost)  
  132  7:39  Probe  
  132  7:40  Probe x2  
  139  7:51  Probe  
  139  7:52  Probe x2  
  139  7:55  Assimilator  
  139  7:56  Assimilator  
  139  7:58  Zealot x6  
  130  8:09  Zealot x2  
Show
View Real Time Build Order
Export as new Build Order

TYTY Terran - Winner!

Build Orders: Reaper Expand 

Get SALT Encoding   

  12  0:00  SCV  
  13  0:12  SCV  
  14  0:17  Supply Depot  
  14  0:24  SCV  
  15  0:38  SCV  
  15  0:39  Barracks  
  16  0:42  Refinery  
  16  0:51  SCV  
  17  1:03  SCV  
  18  1:15  SCV  
  19  1:28  Orbital Command, Reaper  
  20  1:42  Command Center  
  20  1:53  Supply Depot  
  20  1:54  SCV  
  20  1:59  Marine  
  22  2:06  Factory  
  22  2:09  SCV  
  23  2:18  Bunker  
  23  2:20  Barracks Reactor  
  23  2:22  SCV  
  24  2:31  Refinery  
  24  2:34  SCV  
  25  2:46  SCV  
  26  2:52  Hellion  
  26  2:57  Starport  
  26  2:58  Orbital Command, SCV  
  29  3:02  Marine x2  
  31  3:10  SCV  
  32  3:14  Factory Tech Lab, Barracks  
  32  3:20  Marine x2  
  32  3:22  SCV  
  32  3:26  SCV  
  36  3:34  SCV  
  36  3:37  Marine  
  36  3:38  SCV, Marine  
  38  3:46  SCV  
  38  3:47  Barracks  
  38  3:49  Factory Tech Lab, Raven  
  38  3:50  SCV  
  38  3:55  Supply Depot  
  41  3:58  SCV, Marine x2  
  41  4:02  SCV  
  45  4:08  Supply Depot  
  45  4:10  SCV  
  47  4:17  Supply Depot, Factory Reactor, SCV  
  47  4:18  Stimpack, Marine  
  47  4:20  Marine  
  47  4:22  Marine  
  47  4:23  SCV  
  51  4:29  SCV  
  51  4:31  Supply Depot  
  52  4:35  SCV  
  52  4:38  Refinery, Marine x2  
  53  4:40  Marine  
  53  4:41  Starport Reactor, SCV  
  58  4:47  SCV  
  58  4:51  Engineering Bay  
  59  4:53  Supply Depot, SCV  
  59  4:56  Marine x2  
  59  4:57  Widow Mine x2  
  65  5:01  Marauder x2  
  69  5:11  Refinery  
  69  5:14  Marine x2  
  70  5:19  Widow Mine x2  
  77  5:21  Supply Depot  
  77  5:24  Terran Infantry Weapons Level 1  
  77  5:25  Marine x2  
  77  5:26  SCV x2  
  79  5:29  Medivac  
  79  5:32  Medivac  
  79  5:34  Marine x2  
  85  5:41  Supply Depot  
  85  5:42  Combat Shield  
  85  5:43  Supply Depot  
  85  5:46  SCV  
  85  5:47  Supply Depot  
  85  5:49  Marauder  
  88  5:51  Widow Mine x2  
  88  5:56  Marine x2  
  94  6:02  Marauder  
  90  6:12  Medivac x2, Marine  
  90  6:14  Marine  
  98  6:20  Widow Mine x2, Concussive Shells  
  100  6:30  Marauder x2, Command Center  
  103  6:34  Marine x2  
  103  6:39  Supply Depot  
  105  6:49  Liberator  
  105  6:51  Liberator, Marine x2  
  113  7:03  Barracks  
  113  7:05  Barracks  
  113  7:08  Marine x2  
  113  7:09  Marauder x2  
  119  7:25  Widow Mine x2  
  119  7:26  Marine x2  
  125  7:30  Supply Depot  
  125  7:31  Supply Depot  
  125  7:39  SCV  
  125  7:41  Liberator x2  
  132  7:44  Orbital Command  
  132  7:47  Marine x2  
  122  8:08  Marine  
  122  8:09  Marauder x2, Marine  
  122  8:11  Widow Mine x2  
  111  8:13  Barracks Reactor  
  111  8:15  SCV x2  
  111  8:18  SCV  
Tags
 
Add a new tag
Caveats
  • Supply blocks, unpowered buildings, or Contaminate may cause inaccurate times.
  • Supply counts are checked every 10 seconds.